 Dungeon Crawl Stone Soup version 0.27-a0-1090-gb115f176c6 (webtiles) character file.

Game seed: 11141753720331326571

106 soylentgreeen202 the Sneak (level 5, 0/32 HPs)
             Began as a Kobold Delver on Apr 28, 2021.
             Slain by a rat (1 damage)
             ... in a sewer.
             The game lasted 00:07:25 (1113 turns).

soylentgreeen202 the Sneak (Kobold Delver)          Turns: 1113, Time: 00:07:25

Health: 0/32       AC:  3    Str:  9    XL:     5   Next: 10%
Magic:  5/5        EV: 14    Int: 12    God:
Gold:   0          SH:  0    Dex: 17    Spells: 4/4 levels left

rFire    . . .     SeeInvis .   a - +0 short sword
rCold    . . .     Faith    .   (shield restricted)
rNeg     . . .     Spirit   .   b - +0 leather armour
rPois    .         Reflect  .   (no helmet)
rElec    .         Harm     .   (no cloak)
rCorr    .         Rampage  .   (no gloves)
Will     .....                  (no boots)
Stlth    ++++......             (no amulet)
HPRegen  0.10/turn              (no ring)
MPRegen  0.09/turn              (no ring)

@: no status effects
A: small, no large weapons, nightstalker 3
a: no special abilities


You were in a sewer.
You visited 1 branch of the dungeon, and saw 2 of its levels.
You also visited: Sewer.

Inventory:

Hand Weapons
 a - a +0 short sword (weapon)
 j - a +0 whip
Missiles
 h - 31 stones
 i - 8 poisoned darts (quivered)
 k - 16 bolts
Armour
 b - a +0 leather armour (worn)
Wands
 g - a wand of digging (2)


   Skills:
 - Level 3.2 Fighting
 + Level 6.1 Short Blades
 - Level 2.4 Dodging
 - Level 7.0 Stealth


You had 4 spell levels left.
You didn't know any spells.
Your spell library was empty.

Dungeon Overview and Level Annotations

Branches:
Dungeon (5/15)             Temple (0/1) D:4           Sewer (1/1)

Altars:


Innate Abilities, Weirdness & Mutations

You are small and have problems with some larger weapons.
You are completely attuned to the shadows.


Message History

You kill the ball python!
The rat bites you.
You hit the rat.
You kill the rat!
You see here a rat corpse.
You start resting.
A river rat is nearby!
You closely miss the river rat. You hit the river rat but do no damage.
The river rat bites you.
You hit the river rat but do no damage. The river rat bites you.
The river rat twitches its whiskers.
The rat twitches its whiskers.
You see here a rat corpse.
You see here a ball python corpse.
Throw: 9 darts (poison)
Press: ? - help, Q - select action, (/) - cycle Shift-Dir - straight line, f - river rat
Aim: a river rat (57% to hit)
You throw a poisoned dart. The poisoned dart hits the river rat.
The river rat bites you.
You barely miss the river rat. The river rat bites you!
* * * LOW HITPOINT WARNING * * *
Sorry, you're not good enough to have a special ability.
Unknown command.
As you read the scroll of fog, it crumbles to dust.
The scroll dissolves into smoke.
The rat misses you.
The river rat bites you but does no damage.
You closely miss the river rat. The rat barely misses you.
The river rat bites you.
* * * LOW HITPOINT WARNING * * *
You hit the river rat but do no damage. The rat bites you but does no damage.
The river rat bites you but does no damage.
Aiming: Dig
Press: ? - help, Shift-Dir - straight line, p - river rat A rock wall.
Okay, then.
Aiming: Dig
Press: ? - help, Shift-Dir - straight line, p - river rat A rock wall.
The rock shatters into small pieces.
The rat bites you.
You die...

#####
#####†§§######
......§§§§.§.## #.
######
......§§§§§§..##
#.# ##....##
......§#§§§†...##.#
#......#
....##+##§§...r#.#
#..∩∩..# ...#
##§...r@# #......#
≈≈. ##≈≈≈≈##
##≈≈≈≈## ≈≈
#≈≈≈≈≈≈# #≈≈≈≈≈≈#
#≈≈≈≈≈≈# #≈≈≈≈≈≈#
#≈≈≈≈≈≈# #≈≈≈≈≈≈#
#≈≈≈≈≈≈# #≈≈≈≈≈≈#
#≈#÷≈≈≈# #≈≈≈≈≈≈#
#≈≈#≈≈≈# #≈≈≈≈≈≈#
#≈≈≈≈≈≈# #≈≈≈≈≈≈#


You could see a river rat and a rat.

Vanquished Creatures
  A centaur skeleton (D:4)
  3 river rats (Sewer)
  4 adders
  3 ball pythons (Sewer)
  A giant cockroach (D:4)
  A quokka (D:4)
  A frilled lizard (Sewer)
  10 rats (Sewer)
24 creatures vanquished.

Notes
Turn   | Place    | Note
-------+----------+-------------------------------------------
     0 | D:5      | soylentgreeen202 the Kobold Delver began the quest for the
                  | Orb.
     0 | D:5      | Reached XP level 1. HP: 14/14 MP: 1/1
    22 | D:5      | Noticed a necrophage
    62 | D:5      | Noticed a howler monkey
    79 | D:5      | Noticed a black bear
   119 | D:4      | Reached skill level 7 in Stealth
   119 | D:4      | Reached XP level 2. HP: 14/19 MP: 2/2
   125 | D:4      | Reached XP level 3. HP: 14/23 MP: 3/3
   275 | D:4      | Reached XP level 4. HP: 25/28 MP: 4/4
   278 | D:4      | Found a glowing drain.
   304 | Sewer    | Entered a sewer
   359 | Sewer    | Reached skill level 5 in Short Blades
  1073 | Sewer    | Reached XP level 5. HP: 32/32 MP: 5/5
  1107 | Sewer    | HP: 1/32 [river rat (5)]
  1113 | Sewer    | Slain by a rat

Illustrated notes

Levels and vault maps discovered:
D:4:      layout_loops_ring, amcnicky_altar_gilded, temple_hall,
          ebering_ghost_inner_flame, gup_sewer_entry_bowl, st_stairs_14
D:5:      layout_rooms, kennysheep_mini, uniq_blork_the_orc
Sewer:    sewer_minmay_w

Skill      XL: |  1  2  3  4 |
---------------+-------------+-----
Stealth        | 7 |  7.0
Short Blades   | 3 4 6 |  6.1
Fighting       | |  3.2
Dodging        | |  2.4

Action                   |  1- 3 |  4- 6 || total
-------------------------+-------+-------++-------
Melee: Short sword       |    13 |    96 ||   109
Throw: Dart              |     3 |     9 ||    12
Evoke: Wand              |       |     1 ||     1
  Use: Scroll            |     1 |     2 ||     3
       Potion            |       |     1 ||     1
 Stab: Sleeping          |     2 |     4 ||     6
Armor: Leather armour    |     2 |    18 ||    20
Dodge: Dodged            |     8 |    46 ||    54

Table legend: (Time is in decaauts)
 A = Elapsed time spent in this place.
 B = Non-inter-level travel time spent in this place.
 C = Inter-level travel time spent in this place.
 D = Time resting spent in this place.
 E = Time spent auto-exploring this place.
 F = Levels seen in this place.
 G = Mean time per level.
                   A        B        C        D        E       F      G
               +--------+--------+--------+--------+--------+-----+--------+
         Total |   1150 |   1150 |      0 |    610 |     74 |   3 |  383.3 |
       Dungeon |    306 |    306 |      0 |    134 |      0 |   2 |  153.0 |
         Sewer |    844 |    844 |      0 |    476 |     74 |   1 |  844.0 |
               +--------+--------+--------+--------+--------+-----+--------+

Top non-repeatable levels by time:
   Sewer: 844 daAuts
     D:4: 196 daAuts
     D:5: 110 daAuts
